 Dungeon Crawl Stone Soup version 0.17-a0-1831-gaadb308 (webtiles) character file.

221 kae the Cudgeler (level 5, -13/45 HPs)
             Began as a Minotaur Fighter on Sept 14, 2015.
             Mangled by an orc wizard
             ... wielding a +0 dagger of electrocution
              (16 damage)
             ... on level 3 of the Dungeon.
             The game lasted 00:02:29 (2779 turns).

kae the Cudgeler (Minotaur Fighter)                 Turns: 2779, Time: 00:02:29

Health: -13/45     AC: 10    Str: 21    XL:     5   Next: 65%
Magic:  4/4        EV:  7    Int:  6    God:
Gold:   186        SH:  9    Dex:  9    Spells: 0 memorised, 4 levels left

rFire  . . .     SeeInvis .     a - +0 flail
rCold  . . .     Clarity  .     b - +0 scale mail
rNeg   . . .     SustAt   .     c - +0 shield
rPois  .         Gourm    .     l - +1 hat
rElec  .         Spirit   .     (no cloak)
rCorr  .         Warding  .     e - +0 pair of gloves
rMut   .         Stasis   .     m - +0 pair of boots
MR     .....                    (no amulet)
Stlth  ..........               (no ring)
                                (no ring)

@: not resistant to hostile enchantments, extremely unstealthy
A: retaliatory headbutt, horns 2
a: no special abilities


You were on level 3 of the Dungeon.
You were not hungry.

You visited 1 branch of the dungeon, and saw 4 of its levels.

You collected 186 gold pieces.

Inventory:

Hand weapons
 a - a +0 flail (weapon)
Armour
 b - a +0 scale mail (worn)
 c - a +0 shield (worn)
 e - a +0 pair of gloves (worn)
 l - a +1 hat (worn)
 m - a +0 pair of boots (worn)
Jewellery
 i - a +2 ring of protection {unknown}
Magical devices
 n - a wand of flame (24)
 v - a wand of magic darts (19)
Scrolls
 f - 7 scrolls of identify {unknown}
 j - a scroll of enchant armour {unknown}
 o - 2 scrolls of remove curse {unknown}
 q - a scroll of fog {unknown}
 t - a scroll of enchant weapon {unknown}
Potions
 d - a potion of might
 h - a potion of curing {unknown}
 s - a potion of berserk rage {unknown}
Books
 r - a book of Alchemy

   Spells                             Type                      Level
   a - Sublimation of Blood           Necromancy                   2
   b - Ignite Poison                  Fire/Transmutation/Poison    3
   c - Alistair's Intoxication        Transmutation/Poison         4
   d - Condensation Shield            Ice                          4
   e - Petrify                        Transmutation/Earth          4
   f - Irradiate                      Conjuration/Transmutation    5
Comestibles
 g - 2 fruits
 k - a beef jerky
 p - 2 bread rations
 u - 2 chunks of flesh


   Skills:
 - Level 3.6 Fighting
 + Level 7.2 Maces & Flails
 - Level 3.6 Armour
 - Level 3.6 Shields


You had 4 spell levels left.
You didn't know any spells.

Dungeon Overview and Level Annotations

Branches:
Dungeon (4/15)
 Temple: D:4-7

Altars:
Ashenzari
Nemelex Xobeh
Sif Muna
Yredelemnul


Innate Abilities, Weirdness & Mutations

You reflexively headbutt those who attack you in melee.
You have a pair of horns on your head.


Message History

The orc wizard mumbles some strange words.
The orc wizard blinks!
Unknown command.
The orc wizard hits you but does no damage.
You are electrocuted!
* * * LOW HITPOINT WARNING * * *
You block the orc wizard's attack.
There is a stone staircase leading down here.
You are too injured to fight recklessly!
You are too injured to fight recklessly!
You are too injured to fight recklessly!
You are too injured to fight recklessly!
You are too injured to fight recklessly!
You are too injured to fight recklessly!
You are too injured to fight recklessly!
You hit the orc wizard.
The orc wizard is heavily wounded.
The orc wizard hits you but does no damage.
You are electrocuted!
You die...

##_##...)..)[.#...'..._...'...#..
##########.##.#...........#...#..
#...# #..#..####........##.#..
#.#.######.#....#..............#
#.#....###.(##..#⌠..#+#..⌠#..##.
#.####....#......###...#.##.#...
##.# ####.####.§...#...#........
#..# #.# #.....#...#........
..########.#####@##.##+##.....#..
.............(##o............[#..
###########...######.............
######...####.#........... #####
##.## #.#...............#..
....###...# #....###.#........#.(
###.......######.###.#........#..
#######....### #..#..#........#..
.....###.#...####...##(...>...#..


You could see an orc wizard.

Vanquished Creatures
  The ghost of Nico3ck the Conjurer, an average NaWz (D:3)
  An orc priest (D:4)
  4 adders
  An ooze (D:1)
  A worm (D:2)
  A giant gecko (D:1)
  5 orcs (D:3)
  2 giant cockroaches
  4 goblins
  12 hobgoblins
  3 jackals (D:2)
  5 kobolds
  A quokka (D:2)
  11 bats
  5 giant newts
  4 rats
61 creatures vanquished.

Notes
Turn   | Place    | Note
--------------------------------------------------------------
     0 | D:1      | kae the Minotaur Fighter began the quest for the Orb.
     0 | D:1      | Reached XP level 1. HP: 19/19 MP: 0/0
    66 | D:1      | Reached XP level 2. HP: 21/26 MP: 1/1
   296 | D:1      | Reached skill level 4 in Maces & Flails
   397 | D:1      | Found a sparkling altar of Nemelex Xobeh.
   464 | D:1      | Reached XP level 3. HP: 29/31 MP: 2/2
  1495 | D:2      | Found a basalt altar of Yredelemnul.
  1716 | D:2      | Reached skill level 5 in Maces & Flails
  1817 | D:3      | Found a shattered altar of Ashenzari.
  1861 | D:3      | Reached XP level 4. HP: 17/39 MP: 3/3
  2330 | D:3      | Noticed Nico3ck's ghost (average NaWz)
  2333 | D:3      | Found a deep blue altar of Sif Muna.
  2345 | D:3      | Killed Nico3ck's ghost
  2345 | D:3      | Reached skill level 6 in Maces & Flails
  2345 | D:3      | Reached XP level 5. HP: 23/45 MP: 4/4
  2761 | D:4      | Reached skill level 7 in Maces & Flails
  2779 | D:3      | Mangled by an orc wizard

Vault maps used:
D:1:      minmay_arrival_stair_chambers, nemelex_diamond_rough_becter
D:2:      lemuel_doored_altar, st_stairs_11
D:3:      lemuel_blue_sif_altar, evilmike_ruin_ashenzari
D:4:      first_bread, minmay_fire_ice_demons

Action                   |  1- 3 |  4- 6 || total
-------------------------+-------+-------++-------
Melee: Flail             |   111 |    56 ||   167
  Use: Potion            |       |     2 ||     2
  Eat: Bread ration      |     1 |       ||     1
       Chunk             |       |     2 ||     2
